 Dungeon Crawl Stone Soup version 0.18.1-50-g88ac8fd (webtiles) character file.

922 Kirkhe the Covered (level 8, 0/63 (64) HPs)
             Began as a Formicid Fighter on Oct 10, 2016.
             Slain by a two-headed ogre
             ... wielding a +0 giant club
              (11 damage)
             ... on level 5 of the Dungeon.
             The game lasted 00:07:55 (4273 turns).

Kirkhe the Covered (Formicid Fighter)               Turns: 4273, Time: 00:07:56

HP:   0/63 (64)     AC: 10    Str: 24    XL:     8   Next: 31%
MP:   8/8           EV: 10    Int:  7    God:
Gold: 290           SH:  0    Dex: 10    Spells: 0 memorised, 7 levels left

rFire  . . .     SeeInvis +     d - +0 war axe
rCold  . . .     Gourm    .     b - +0 scale mail
rNeg   . . .     Faith    .     (no shield)
rPois  .         Spirit   .     (helmet unavailable)
rElec  .         Dismiss  .     (no cloak)
rCorr  .         Reflect  .     t - +1 pair of gloves
SustAt .         Harm     .     (no boots)
MR     +....                    (no amulet)
Stlth  ..........               (no ring)
                                q - ring of protection from magic

@: somewhat resistant to hostile enchantments, extremely unstealthy
A: permanent stasis, dig shafts and tunnels, four strong arms, antennae 3
a: Dig, Shaft Self


You were on level 5 of the Dungeon.
You were not hungry.

You visited 1 branch of the dungeon, and saw 6 of its levels.

You collected 290 gold pieces.

Inventory:

Hand Weapons
 d - a +0 war axe (weapon)
Missiles
 p - 12 poisoned needles
Armour
 b - a +0 scale mail (worn)
 c - a +0 shield
 o - a +0 buckler
 r - a +2 robe of fire resistance
 t - a +1 pair of gloves (worn)
Jewellery
 q - a ring of protection from magic (left hand)
Wands
 s - a wand of enslavement (24/24)
 v - a wand of polymorph (11/24)
 y - a wand of enslavement (16/24)
Scrolls
 a - 3 scrolls of fear
 h - 6 scrolls of remove curse
Potions
 e - a potion of invisibility
 i - a potion of magic {unknown}
 l - a potion of lignification
 m - a potion of curing
 n - 3 potions of cure mutation
 u - a potion of heal wounds {unknown}
 x - a potion of brilliance {unknown}
Comestibles
 f - 2 bread rations
 g - a royal jelly
 j - 2 meat rations
 k - 5 fruits


   Skills:
 + Level 6.0 Fighting
 + Level 5.5 Axes
 + Level 7.0 Armour
 - Level 3.6 Shields


You had 7 spell levels left.
You didn't know any spells.

Dungeon Overview and Level Annotations

Branches:
Dungeon (6/15)
 Temple: D:4-7

Altars:
Cheibriados
Fedhas
Gozag
Nemelex Xobeh
Yredelemnul


Innate Abilities, Weirdness & Mutations

You are under a permanent stasis effect.
You can dig through walls and to a lower floor.
Your four strong arms can wield two-handed weapons with a shield.
You have a pair of large antennae on your head (SInv).


Message History

The two-headed ogre shouts in stereo!
A worker ant comes into view.
The worker ant twitches its antennae in your direction.
The worker ant waves its antennae.
You hit the two-headed ogre but do no damage.
The two-headed ogre hits you with a giant club!!
The two-headed ogre barely misses you.
You hit the two-headed ogre.
The two-headed ogre is lightly wounded.
The two-headed ogre hits you with a giant club.
The two-headed ogre closely misses you.
You slash the two-headed ogre!
The two-headed ogre is heavily wounded.
The two-headed ogre hits you with a giant club. x2
You slash the two-headed ogre!
The two-headed ogre is almost dead.
The two-headed ogre hits you with a giant club!!
* * * LOW HITPOINT WARNING * * *
The two-headed ogre hits you with a giant club!
You die...

#.# .# # #.# #. #.# #..
##.## ....# #### ##...##
.#.#..#..#
##.###.#######.
#.....#..# ###.##
##........
#.....######...#
#..####..
#..#.#?.#..#@#.## ##.##
#.....#..#O##.###.###.+{
#...#......a###....<...#
#....#...#..##
########## #.######....#
#. ......# # ########


You could see a two-headed ogre and a worker ant.

Vanquished Creatures
  The ghost of Kirkhe the Gusty, an amateur VSAE (D:4)
  The ghost of Gaplan the Conjurer, an amateur DECj (D:3)
  A phantom (D:4)
  A necrophage (D:5)
  An ogre (D:4)
  A scorpion (D:4)
  A howler monkey (D:5)
  A crimson imp (D:5)
  3 orc wizards
  Jessica (D:2)
  3 iguanas
  3 adders
  A gnoll (D:1)
  2 shadow imps
  An ooze (D:1)
  3 dart slugs
  A giant gecko (D:1)
  5 orcs
  13 bats
  3 giant cockroaches
  11 goblins
  5 hobgoblins
  8 jackals
  7 kobolds
  3 quokkas
  6 giant newts
  A rat (D:2)
88 creatures vanquished.

Vanquished Creatures (others)
  A fulminant prism (D:3)
  A fungus (D:3)
2 creatures vanquished.

Grand Total: 90 creatures vanquished

Notes
Turn   | Place    | Note
--------------------------------------------------------------
     0 | D:1      | Kirkhe the Formicid Fighter began the quest for the Orb.
     0 | D:1      | Reached XP level 1. HP: 18/18 MP: 1/1
    40 | D:1      | Reached XP level 2. HP: 18/24 MP: 2/2
   131 | D:1      | Reached XP level 3. HP: 25/30 MP: 3/3
   453 | D:1      | Reached skill level 4 in Armour
   714 | D:2      | Reached XP level 4. HP: 35/37 MP: 4/4
   852 | D:2      | Found a sparkling altar of Nemelex Xobeh.
  1318 | D:2      | Noticed Jessica
  1324 | D:2      | Killed Jessica
  1324 | D:2      | Reached XP level 5. HP: 18/43 MP: 5/5
  1607 | D:3      | Noticed Gaplan's ghost (amateur DECj)
  1623 | D:3      | Killed Gaplan's ghost
  1623 | D:3      | Reached XP level 6. HP: 43/49 MP: 6/6
  1657 | D:3      | Reached skill level 5 in Armour
  1815 | D:3      | Found a blossoming altar of Fedhas.
  2031 | D:3      | Found a basalt altar of Yredelemnul.
  2054 | D:3      | Found a snail-covered altar of Cheibriados.
  2272 | D:4      | Noticed Kirkhe's ghost (amateur VSAE)
  2285 | D:4      | Killed Kirkhe's ghost
  2285 | D:4      | Reached skill level 5 in Fighting
  2285 | D:4      | Reached XP level 7. HP: 42/56 MP: 7/7
  2525 | D:4      | You fall through a shaft for 2 floors!
  2639 | D:5      | Entered Level 5 of the Dungeon
  3208 | D:4      | Reached skill level 6 in Armour
  3252 | D:4      | Reached skill level 5 in Axes
  3559 | D:4      | Reached XP level 8. HP: 42/64 MP: 8/8
  4043 | D:5      | Reached skill level 7 in Armour
  4088 | D:5      | Found an opulent altar of Gozag.
  4258 | D:5      | Noticed a two-headed ogre
  4273 | D:5      | Slain by a two-headed ogre

Skill      XL: |  1  2  3  4  5  6  7  8 |
---------------+-------------------------+-----
Fighting       | 4 5 6 |  6.0
Armour         | 4 5 6 7 |  7.0
Axes           | 3 4 5 |  5.5
Shields        | |  3.6

Action                   |  1- 3 |  4- 6 |  7- 9 || total
-------------------------+-------+-------+-------++-------
Melee: War axe           |    66 |   121 |   126 ||   313
  Use: Potion            |       |     1 |     1 ||     2
       Scroll            |       |     8 |     3 ||    11
  Eat: Chunk             |       |     4 |     6 ||    10
       Fruit             |       |       |     1 ||     1
Armor: Scale mail        |    58 |    71 |    60 ||   189
Dodge: Dodged            |    39 |    55 |    55 ||   149
